 Dungeon Crawl Stone Soup version 0.30-a0-377-g5cb311bc9f (webtiles) character file.

Game seed: 7130756881540075631

454 stonewall the Insei (level 7, -6/52 HPs)
             Began as a Human Monk on Nov 30, 2022.
             Was a Believer of Wu Jian.
             Constricted to death by Pikel (8 damage)
             ... on level 4 of the Dungeon.
             The game lasted 00:04:54 (3688 turns).

stonewall the Insei (Human Monk)                    Turns: 3688, Time: 00:04:54

Health: -6/52      AC:  9    Str: 13    XL:     7   Next: 26%
Magic:  7/7        EV:  8    Int: 11    God:    Wu Jian [**....]
Gold:   212        SH:  0    Dex: 15    Spells: 6/6 levels left

rFire   . . .      SeeInvis .      - Unarmed
rCold   . . .      Faith    .    (no shield)
rNeg    . . .      Spirit   .    h - +0 ring mail
rPois   .          Reflect  .    (no helmet)
rElec   .          Harm     .    f - +1 cloak
rCorr   +          Rampage  .    q - +1 pair of gloves
Will    .....                    (no boots)
Stlth   +.........               (no amulet)
HPRegen 0.28/turn                e - ring of resist corrosion
MPRegen 0.10/turn                (no ring)

@: about to teleport, grasped by roots, constricted
A: no striking features
a: Renounce Religion, Wall Jump


You were on level 4 of the Dungeon.
You worshipped Wu Jian.
Wu Jian was pleased with you.
You visited 1 branch of the dungeon, and saw 5 of its levels.

You collected 212 gold pieces.

Inventory:

Hand Weapons
 a - the +7 sling "Ceus" {flame, Str+4}
   (You found it on level 2 of the Dungeon)

   Any ammunition fired from it burns those it strikes, dealing additional fire
   damage.
   Str:       It affects your strength (+4).
Armour
 f - a +1 cloak (worn)
 h - a +0 ring mail (worn)
 q - a +1 pair of gloves (worn)
 t - a +0 robe
Jewellery
 e - a ring of resist corrosion (left hand)
 i - an amulet of the acrobat
 r - a +4 ring of slaying
Wands
 l - a wand of flame (7)
Scrolls
 m - a scroll of teleportation
Potions
 b - 2 potions of ambrosia
 d - a potion of lignification {unknown}
 g - 2 potions of invisibility
 j - 2 potions of curing
 n - a potion of magic {unknown}
 o - 3 potions of mutation
 w - a potion of degeneration {unknown}
 x - a potion of might {unknown}
 z - a potion of cancellation {unknown}


   Skills:
 - Level 3.0 Fighting
 + Level 3.2 Ranged Weapons
 - Level 3.0 Dodging
 - Level 2.0 Stealth
 * Level 6.9 Unarmed Combat


You had 6 spell levels left.
You didn't know any spells.
Your spell library contained the following spells:

 Spells                   Type           Power      Damage    Failure   Level
 Magic Dart               Conj           0%         1d3       61%         1
 Sandblast                Erth           0%         2d4       61%         1
 Call Imp                 Summ           0%         N/A       75%         2
 Passwall                 Tmut/Erth      0%         N/A       75%         2
 Mephitic Cloud           Conj/Pois/Air  0%         N/A       93%         3
 Stone Arrow              Conj/Erth      0%         3d7       93%         3


Dungeon Overview and Level Annotations

Branches:
Dungeon (5/15)
 Temple: D:4-7

Altars:
Trog
Uskayaw
Wu Jian
Yredelemnul

Annotations:
D:3 1 runed translucent door, DEFE's ghost, amateur TrCA
D:4 Pikel


Message History

Pikel is heavily wounded.
Pikel hits you but does no damage. The grasping roots constrict you.
* * * LOW HITPOINT WARNING * * *
Unknown command.
Unknown command.
You closely miss Pikel.
Pikel is heavily wounded.
Pikel hits you with a +0 whip of flaming!
* * * LOW HITPOINT WARNING * * *
Pikel burns you.
* * * LOW HITPOINT WARNING * * *
The grasping roots constrict you.
* * * LOW HITPOINT WARNING * * *
You closely miss Pikel.
Pikel is heavily wounded.
The grasping roots release their grip on you.
Unknown command.
Unknown command.
Aiming: Throw Flame
Press: ? - help, Shift-Dir - straight line, f - Pikel
Aim: Pikel, wielding a +0 whip of flaming, wearing a +0 robe and carrying a wand of roots (4) (heavily wounded, 60% to hit)
The puff of flame hits Pikel.
Pikel is heavily wounded.
Pikel says, "All the lords of Hell know my name!"
Pikel hits you with a +0 whip of flaming.
* * * LOW HITPOINT WARNING * * *
Pikel burns you.
* * * LOW HITPOINT WARNING * * *
Unknown command.
As you read the scroll of teleportation, it crumbles to dust.
You feel strangely unstable.
Pikel zaps a wand.
The roots erupt in riotous growth!
The grasping roots grab you!
Pikel is unaffected.
The grasping roots constrict you.
* * * LOW HITPOINT WARNING * * *
Unknown command.
Unknown command.
The roots grasp on you weakens, but your attempt to escape fails.
Pikel closely misses you. The grasping roots constrict you!
You die...

#.# #.#..........
#.# #.###########
#.# ##.# # #.#
##..# # #.# #..## #
#.###.## #
#.##..#############
#.#>...............
#.@K...............
#.#.......#########
#.#######.# ###
#.###### #......#
######.### #...##
###... ####


You could see Pikel.

Vanquished Creatures
  A lemure (D:5)
  2 scorpions (D:4)
  An orc priest (D:3)
  A hound (D:3)
  4 orc wizards
  10 adders
  A dart slug (D:2)
  8 orcs
  8 endoplasms
  6 giant cockroaches
  4 goblins
  3 hobgoblins
  13 jackals
  5 kobolds
  2 quokkas
  4 ball pythons
  5 bats
  3 frilled lizards
  A rat (D:2)
82 creatures vanquished.

Vanquished Creatures (others)
  3 plants (D:3)
3 creatures vanquished.

Grand Total: 85 creatures vanquished

Notes
Turn   | Place    | Note
-------+----------+-------------------------------------------
     0 | D:1      | stonewall the Human Monk began the quest for the Orb.
     0 | D:1      | Reached XP level 1. HP: 18/18 MP: 1/1
   197 | D:1      | Reached XP level 2. HP: 15/24 MP: 2/2
   634 | D:1      | Reached skill level 4 in Unarmed Combat
   634 | D:1      | Reached XP level 3. HP: 29/29 MP: 3/3
  1290 | D:2      | Found a faded altar of an unknown god.
  1391 | D:2      | Identified the +7 sling "Ceus" {flame, Str+4}
  1522 | D:2      | Reached XP level 4. HP: 35/35 MP: 4/4
  1960 | D:3      | Found a hide-covered altar of Uskayaw.
  1968 | D:3      | Found an ornate altar of the Wu Jian Council.
  1969 | D:3      | Found a basalt altar of Yredelemnul.
  2136 | D:3      | Found a runed translucent door.
  2136 | D:3      | Noticed a bullfrog
  2141 | D:3      | Noticed DEFE's ghost (amateur TrCA)
  2175 | D:3      | Reached skill level 1 in Ranged Weapons
  2175 | D:3      | Reached skill level 5 in Unarmed Combat
  2181 | D:3      | Reached XP level 5. HP: 25/41 MP: 5/5
  2642 | D:3      | Became a worshipper of the Wu Jian Council
  2642 | D:3      | Reached * piety under Wu Jian
  2642 | D:3      | Reached ** piety under Wu Jian
  2816 | D:4      | Reached XP level 6. HP: 46/47 MP: 6/6
  2883 | D:4      | Reached skill level 6 in Unarmed Combat
  3260 | D:3      | Reached XP level 7. HP: 49/52 MP: 7/7
  3516 | D:4      | Found a bloodstained altar of Trog.
  3661 | D:5      | Entered Level 5 of the Dungeon
  3664 | D:5      | Noticed Pikel
  3687 | D:4      | HP: 2/52 [constriction (3)]
  3688 | D:4      | Constricted to death by Pikel

Illustrated notes

Levels and vault maps discovered:
D:1:      eino_arrival_water_cross, layout_loops_ring
D:2:      layout_basic, hellmonk_ecumenical_altar_lost_god
D:3:      layout_rooms, grunt_temple_overflow_open, ebering_ghost_sewer_d,
          chequers_serial_rivers_micro_a, guppyfry_early_lair_pool
D:4:      layout_basic, mainiacjoe_overflow_brackets, fountainhead
D:5:      layout_basic, minmay_temple_entry_mini_moons, minmay_holes,
          uniq_grinder, uniq_pikel, uniq_edmund

Skill      XL: |  1  2  3  4  5  6  7 |
---------------+----------------------+-----
Unarmed Combat | 4 5 6 |  6.9
Ranged Weapons | 1 2 3 |  3.2
Fighting       | |  3.0
Dodging        | |  3.0
Stealth        | |  2.0

Action                   |  1- 3 |  4- 6 |  7- 9 || total
-------------------------+-------+-------+-------++-------
Melee: Unarmed           |   140 |   207 |    40 ||   387
       Punch             |     4 |     5 |     1 ||    10
 Fire: Sling             |       |    15 |     5 ||    20
Invok: Whirlwind         |       |    10 |       ||    10
       Lunge             |       |     5 |     2 ||     7
Evoke: Wand              |       |       |     1 ||     1
  Use: Scroll            |       |    10 |     2 ||    12
       Potion            |       |     1 |     2 ||     3
 Stab: Sleeping          |     2 |     1 |       ||     3
Armor: Robe              |    11 |       |       ||    11
       Ring mail         |    31 |    95 |    10 ||   136
Dodge: Dodged            |    82 |   138 |     9 ||   229

Table legend: (Time is in decaauts)
 A = Elapsed time spent in this place.
 B = Non-inter-level travel time spent in this place.
 C = Inter-level travel time spent in this place.
 D = Time resting spent in this place.
 E = Time spent auto-exploring this place.
 F = Levels seen in this place.
 G = Mean time per level.
                   A        B        C        D        E       F      G
               +--------+--------+--------+--------+--------+-----+--------+
         Total |   3655 |   3417 |    238 |      0 |   2685 |   5 |  731.0 |
       Dungeon |   3655 |   3417 |    238 |      0 |   2685 |   5 |  731.0 |
               +--------+--------+--------+--------+--------+-----+--------+

Top non-repeatable levels by time:
     D:2: 1199 daAuts
     D:4: 972 daAuts
     D:3: 758 daAuts
     D:1: 717 daAuts
     D:5: 7 daAuts
